[Event "Titled Tuesday Blitz March 07 Early 2023"]
[White "Borrmann, Laurenz"]
[Black "mestrefeitosa19"]
[WhiteFideId "312187930"]
[WhiteElo "2312"]
[BlackElo "2201"]
[Result "1-0"]
[Round "01"]
[TimeControl "180+2"]
[Date "2023.03.07"]
[WhiteClock "0:01:40"]
[BlackClock "0:01:49"]

1. e4 e5 2. Nc3 Nc6 3. g3 Nf6 4. Bg2 Bc5 5. Nge2 O-O 6. O-O d6 7. h3 Be6 8. Na4 Qe7 9. Nxc5 dxc5 10. f4 Bc4 11. d3 Bb5 12. Nc3 Ba6 13. f5 Nd4 14. Bg5 h6 15. Nd5 Qd6 16. Nxf6+ Kh8 17. Qh5 g6 18. Qxh6# 1-0


[Site "https://www.chess.com"]

[Event "Titled Tuesday Blitz March 07 Early 2023"]
[White "Rosh Jain"]
[Black "Sovetov, Oleksandr"]
[WhiteFideId "25789465"]
[BlackFideId "34105786"]
[WhiteElo "2233"]
[BlackElo "2548"]
[Result "0-1"]
[Round "01"]
[TimeControl "180+2"]
[Date "2023.03.07"]
[WhiteClock "0:00:04"]
[BlackClock "0:00:07"]

1. e4 c5 2. Nf3 Nc6 3. d4 cxd4 4. Nxd4 Nf6 5. Nc3 e5 6. Ndb5 d6 7. Bg5 a6 8. Na3 b5 9. Nd5 Be7 10. Bxf6 Bxf6 11. c3 g6 12. Be2 Bg7 13. Nc2 Rb8 14. O-O O-O 15. Qd2 Be6 16. Nce3 f5 17. exf5 gxf5 18. f4 Kh8 19. a4 bxa4 20. Rxa4 a5 21. Rd1 Rf7 22. b4 axb4 23. cxb4 Nd4 24. Bc4 Qd7 25. Ra6 Bf8 26. Qd3 Qb7 27. Rda1 Rc8 28. b5 Bg7 29. fxe5 dxe5 30. b6 e4 31. Qf1 f4 32. Ra7 Qb8 33. Rxf7 Bxf7 34. Qxf4 Bxd5 35. Qxb8 Rxb8 36. Nxd5 Nf3+ 37. gxf3 Bxa1 38. fxe4 Bd4+ 39. Kg2 Bxb6 40. Nxb6 Rxb6 41. Bd5 Kg7 42. Kg3 Kf6 43. Kf4 Rb4 44. Kf3 Ke5 45. Kg4 Rb2 46. h4 Rg2+ 47. Kh5 Rg6 48. Bf7 Rf6 49. Bd5 Kf4 50. e5 Kxe5 51. Bg8 h6 52. Bh7 Rd6 53. Bg6 Rd4 54. Kxh6 Rxh4+ 55. Kg7 Rg4 56. Kf7 Rf4+ 57. Kg7 Ke6 58. Bh7 Rf7+ 59. Kg6 Rf6+ 60. Kg5 Rf2 61. Bg8+ Ke5 62. Bh7 Rg2+ 63. Kh6 Kf6 64. Kh5 Rh2+ 65. Kg4 Rxh7 66. Kg3 Rh5 67. Kg4 Rf5 68. Kg3 Kg5 69. Kg2 Kg4 70. Kg1 Kg3 71. Kh1 Rf1# 0-1


[Site "https://www.chess.com"]

[Event "Titled Tuesday Blitz March 07 Early 2023"]
[White "Richter, Paul"]
[Black "Sabar, Ethmane Daouda"]
[WhiteFideId "2046350"]
[BlackFideId "19600097"]
[WhiteElo "2545"]
[BlackElo "1950"]
[Result "1-0"]
[Round "01"]
[TimeControl "180+2"]
[Date "2023.03.07"]
[WhiteClock "0:00:56"]
[BlackClock "0:00:16"]

1. e4 e5 2. Nf3 Nc6 3. Bb5 f5 4. d3 fxe4 5. dxe4 Nf6 6. O-O Bc5 7. Qd3 d6 8. Qc4 Bd7 9. Nc3 Qe7 10. Bg5 O-O-O 11. Nd5 Qf8 12. b4 Bb6 13. a4 a6 14. a5 Ba7 15. Bxa6 bxa6 16. Qxa6+ Kb8 17. Bxf6 gxf6 18. b5 Bc8 19. Qxc6 Qg7 20. b6 Bb7 21. bxc7+ Ka8 22. Nb6+ 1-0


[Site "https://www.chess.com"]

[Event "Titled Tuesday Blitz March 07 Early 2023"]
[White "babbilator"]
[Black "Khumalo, Keith"]
[BlackFideId "14319470"]
[WhiteElo "2190"]
[BlackElo "2056"]
[Result "0-1"]
[Round "01"]
[TimeControl "180+2"]
[Date "2023.03.07"]
[WhiteClock "0:00:18"]
[BlackClock "0:01:13"]

1. e4 c5 2. Nc3 g6 3. d4 cxd4 4. Qxd4 Nf6 5. Qa4 Nc6 6. Nf3 d6 7. e5 dxe5 8. Nxe5 Bg7 9. Nxc6 bxc6 10. Qxc6+ Bd7 11. Qa6 O-O 12. Be2 Bf5 13. O-O Bxc2 14. Be3 Rb8 15. Qa3 a5 16. Rac1 Bf5 17. Rfd1 Bd7 18. b3 e5 19. Bc4 Ng4 20. Bc5 Re8 21. h3 Nf6 22. Nd5 Nxd5 23. Bxd5 Qf6 24. Qxa5 Bf5 25. Qe1 h5 26. b4 Rbd8 27. a4 e4 28. b5 Bxh3 29. gxh3 Qg5+ 30. Kh1 Rxd5 31. Rxd5 Qxd5 32. b6 Qf5 33. Qe3 Kh7 34. a5 Bh6 35. Qe1 Qxh3+ 36. Kg1 Bf4 0-1


[Site "https://www.chess.com"]

[Event "Titled Tuesday Blitz March 07 Early 2023"]
[White "Reprintsev, Alexander"]
[Black "Grabinsky, Vladimir"]
[WhiteFideId "14100541"]
[BlackFideId "14107074"]
[WhiteElo "2229"]
[BlackElo "2027"]
[Result "1/2-1/2"]
[Round "01"]
[TimeControl "180+2"]
[Date "2023.03.07"]
[WhiteClock "0:00:06"]
[BlackClock "0:00:06"]

1. e4 c5 2. b3 g6 3. Bb2 Nf6 4. g4 Bg7 5. g5 Nh5 6. Bxg7 Nxg7 7. Nc3 Nc6 8. Qf3 h6 9. gxh6 Rxh6 10. O-O-O e6 11. Qe3 Qh4 12. Qxc5 b6 13. Qe3 Ne5 14. Nf3 Nxf3 15. Qxf3 Bb7 16. h3 Nf5 17. Bg2 Rc8 18. Rdf1 b5 19. Qd3 b4 20. Nb5 Qf4 21. exf5 Bxg2 22. Nd6+ Kd8 23. Nxf7+ Ke7 24. Nxh6 Qxh6 25. fxe6 dxe6 26. Qa6 Rc7 27. Re1 g5 28. Rhg1 Bxh3 29. Rh1 Qg6 30. d3 Bf5 31. Kb1 Qg7 32. Qa5 Qc3 33. Rc1 Bxd3 34. cxd3 Qxd3+ 35. Ka1 Qd4+ 36. Kb1 Qd3+ 37. Ka1 Qd4+ 38. Kb1 Qd3+ 1/2-1/2


[Site "https://www.chess.com"]

[Event "Titled Tuesday Blitz March 07 Early 2023"]
[White "Gamage, Wanshini Vidusama"]
[Black "Chor, Kevin"]
[WhiteFideId "9953752"]
[BlackFideId "2090740"]
[WhiteElo "2183"]
[BlackElo "2541"]
[Result "0-1"]
[Round "01"]
[TimeControl "180+2"]
[Date "2023.03.07"]
[WhiteClock "0:00:48"]
[BlackClock "0:00:27"]

1. e4 c5 2. Nf3 Nc6 3. Bb5 d6 4. O-O Bd7 5. Re1 a6 6. Bf1 Nf6 7. c3 Bg4 8. d4 cxd4 9. cxd4 Bxf3 10. gxf3 g6 11. Nc3 Bg7 12. Be3 O-O 13. Qd2 Rc8 14. Bh3 Rc7 15. d5 Ne5 16. Bg2 Nc4 17. Qe2 Nxe3 18. Qxe3 Nd7 19. Rac1 Ne5 20. f4 Nc4 21. Qe2 b5 22. a4 Bh6 23. axb5 Bxf4 24. bxa6 Bxc1 25. Rxc1 Qb8 26. a7 Qxb2 27. Qxb2 Nxb2 28. Rb1 Rxc3 29. Rxb2 Rc1+ 30. Bf1 Ra1 31. Rb7 Kg7 32. Rxe7 Ra8 33. Rd7 R8xa7 34. Rxd6 R7a4 35. f3 R4a2 36. Rc6 Re1 37. d6 Raa1 38. Rc5 Rxf1+ 39. Kg2 Rfd1 40. e5 Ra7 41. Kf2 f6 42. f4 fxe5 43. fxe5 Kf7 44. Ke2 Rh1 45. Kd3 Ke6 46. Rc7 Rxc7 0-1


[Site "https://www.chess.com"]

[Event "Titled Tuesday Blitz March 07 Early 2023"]
[White "Krstulovic, Alex"]
[Black "Osuna Vega, Enrique"]
[WhiteFideId "760056"]
[BlackFideId "2219549"]
[WhiteElo "2311"]
[BlackElo "2178"]
[Result "1-0"]
[Round "01"]
[TimeControl "180+2"]
[Date "2023.03.07"]
[WhiteClock "0:01:34"]
[BlackClock "0:00:51"]

1. Nf3 g6 2. g3 Bg7 3. Bg2 e6 4. O-O Ne7 5. d4 d5 6. c4 O-O 7. Nc3 b6 8. Bf4 Bb7 9. Rc1 c6 10. Ne5 Nd7 11. cxd5 exd5 12. Ng4 Nf6 13. e3 Nf5 14. Nxf6+ Bxf6 15. h4 h5 16. Bh3 Bc8 17. Kg2 Qd7 18. Rh1 Qe7 19. Qd3 Bd7 20. Rce1 Qb4 21. Re2 Rad8 22. a3 Qb3 23. Rd1 Rfe8 24. Ne4 Qxd3 25. Nxf6+ Kf8 26. Nxd7+ Rxd7 27. Rxd3 1-0


[Site "https://www.chess.com"]

[Event "Titled Tuesday Blitz March 07 Early 2023"]
[White "Bashirli, Saadat"]
[Black "Sanchez Enriquez, Oscar Gerardo"]
[WhiteFideId "13429990"]
[BlackFideId "5106311"]
[WhiteElo "1408"]
[BlackElo "2387"]
[Result "0-1"]
[Round "01"]
[TimeControl "180+2"]
[Date "2023.03.07"]
[WhiteClock "0:00:43"]
[BlackClock "0:00:53"]

1. e4 d6 2. d4 Nf6 3. Nc3 g6 4. Be2 Bg7 5. h4 h5 6. Nf3 Bg4 7. O-O Nc6 8. Be3 O-O 9. Qd2 Nd7 10. Rad1 e6 11. d5 exd5 12. exd5 Nce5 13. Nxe5 Nxe5 14. Bxg4 Nxg4 15. Bg5 Qd7 16. Qf4 Be5 17. Qe4 Rfe8 18. Qd3 Bg7 19. Rfe1 Ne5 20. Qg3 Nc4 21. Rxe8+ Rxe8 22. b3 Ne5 23. Bf4 Qf5 24. Bxe5 Bxe5 25. Qd3 Qg4 26. Ne4 Qxh4 27. g3 Qg4 28. Kg2 h4 29. Rh1 hxg3 30. fxg3 Kg7 31. Qe3 Rh8 32. Rxh8 Kxh8 33. Qh6+ Kg8 34. Ng5 Qxg3+ 35. Kf1 Bg7 36. Qh7+ Kf8 37. Ne4 Qf4+ 38. Nf2 Qc1+ 39. Kg2 Qxc2 40. Qh4 Be5 41. Qd8+ Kg7 42. Qh4 Qd2 43. Qe4 Bd4 44. Qf3 Qxf2+ 45. Qxf2 Bxf2 46. Kxf2 Kf6 0-1


[Site "https://www.chess.com"]

[Event "Titled Tuesday Blitz March 07 Early 2023"]
[White "Kuznetsov, Mikhail"]
[Black "Aanan, Shafiuddin"]
[WhiteFideId "4117190"]
[BlackFideId "3242633"]
[WhiteElo "1981"]
[BlackElo "1648"]
[Result "1-0"]
[Round "01"]
[TimeControl "180+2"]
[Date "2023.03.07"]
[WhiteClock "0:01:29"]
[BlackClock "0:00:09"]

1. Nf3 c5 2. g3 Nc6 3. d4 cxd4 4. Nxd4 Nf6 5. Bg2 Qb6 6. Nb3 d6 7. O-O g6 8. c4 Bg7 9. Nc3 a6 10. Be3 Qd8 11. Nd5 O-O 12. Bb6 Qd7 13. Rc1 e6 14. Nxf6+ Bxf6 15. Qd2 Qe7 16. Rfd1 Nb8 17. Qxd6 Qxd6 18. Rxd6 Bxb2 19. Rcd1 Bf6 20. Nc5 Nc6 21. Nxb7 Bxb7 22. Bxc6 Bxc6 23. Rxc6 Rfc8 24. Rxc8+ Rxc8 25. c5 Be7 26. Kg2 Kf8 27. g4 Ke8 28. e4 f6 29. f4 f5 30. gxf5 gxf5 31. exf5 exf5 32. Rd5 Kf7 33. Rxf5+ Ke6 34. Re5+ Kd7 35. Kf3 Bf6 36. Rh5 Bd4 37. Rd5+ 1-0


[Site "https://www.chess.com"]

[Event "Titled Tuesday Blitz March 07 Early 2023"]
[White "Sailer, Mike"]
[Black "Garv Gaur"]
[WhiteFideId "2012901"]
[BlackFideId "45030839"]
[WhiteElo "2109"]
[BlackElo "2068"]
[Result "0-1"]
[Round "01"]
[TimeControl "180+2"]
[Date "2023.03.07"]
[WhiteClock "0:00:57"]
[BlackClock "0:02:07"]

1. d4 Nf6 2. Bg5 d5 3. Bxf6 exf6 4. e3 Be6 5. Nf3 c6 6. Nbd2 Bd6 7. c4 dxc4 8. Bxc4 Bg4 9. O-O O-O 10. Qb3 Qc7 11. h3 Bh5 12. Rac1 a5 13. a3 a4 14. Qd1 Nd7 15. Be2 Bg6 16. Nc4 Be7 17. Re1 Nb6 18. Nxb6 Qxb6 19. Qd2 Rfd8 20. Bd3 c5 21. Bxg6 hxg6 22. Qc2 cxd4 23. Nxd4 Bd6 24. Red1 Be5 25. Qc4 Qxb2 26. Rb1 Qxa3 27. Rxb7 Qf8 28. Rdb1 a3 29. Nc6 a2 30. Nxd8 axb1=Q+ 31. Rxb1 Qxd8 32. g3 Rc8 33. Qa2 Qc7 34. Kg2 Qc6+ 35. Kh2 Qf3 0-1


[Site "https://www.chess.com"]

[Event "Titled Tuesday Blitz March 07 Early 2023"]
[White "Turzo, Attila"]
[Black "Winkels, Marcel"]
[WhiteFideId "704954"]
[BlackFideId "1003887"]
[WhiteElo "2537"]
[BlackElo "1900"]
[Result "1-0"]
[Round "01"]
[TimeControl "180+2"]
[Date "2023.03.07"]
[WhiteClock "0:01:58"]
[BlackClock "0:00:01"]

1. e4 d6 2. d4 Nf6 3. Nc3 c6 4. a4 Qa5 5. Bd3 Nbd7 6. Nf3 e5 7. O-O Be7 8. Bd2 exd4 9. Nxd4 Qb6 10. Nf5 Qd8 11. Nxg7+ 1-0


[Site "https://www.chess.com"]

[Event "Titled Tuesday Blitz March 07 Early 2023"]
[White "Ruge, Edison"]
[Black "Rodchenkov, Sergey D."]
[WhiteFideId "4401000"]
[BlackFideId "4168712"]
[WhiteElo "2175"]
[BlackElo "2277"]
[Result "0-1"]
[Round "01"]
[TimeControl "180+2"]
[Date "2023.03.07"]
[WhiteClock "0:00:08"]
[BlackClock "0:00:53"]

1. e4 c5 2. Nf3 d6 3. d3 Nc6 4. g3 g6 5. Bg2 Bg7 6. O-O e5 7. c3 Nge7 8. a3 O-O 9. b4 cxb4 10. axb4 d5 11. b5 Nb8 12. Be3 Nd7 13. Qb3 Nb6 14. Bc5 Be6 15. Ng5 Bg4 16. Re1 h6 17. h3 Bc8 18. Nf3 dxe4 19. dxe4 Re8 20. Rd1 Qc7 21. Qb4 a5 22. bxa6 Nd7 23. Bxe7 bxa6 24. Bd6 Qc6 25. Nbd2 Nf6 26. Nxe5 Qb7 27. Qxb7 Bxb7 28. Ndc4 Re6 29. Bb4 Nxe4 30. Bxe4 Bxe4 31. Re1 Bd5 32. Nb6 Rd8 33. Nxd5 Rxd5 34. f4 Rb5 35. Red1 g5 36. Rd8+ Kh7 37. Nxf7 Rxb4 38. cxb4 Bxa1 39. fxg5 Re7 40. Nd6 hxg5 41. Nf5 Rf7 42. g4 Be5 43. Kg2 Rc7 44. Re8 Bf6 45. Kf3 Kg6 46. Re6 Rc3+ 47. Ke4 Rc4+ 48. Kd5 Rxb4 49. Rxa6 Rb5+ 50. Ke6 Re5+ 51. Kd7 Re2 52. Ra8 Rd2+ 53. Ke8 Rd3 54. Kf8 Rxh3 55. Ra6 Rh8# 0-1


[Site "https://www.chess.com"]

[Event "Titled Tuesday Blitz March 07 Early 2023"]
[White "Novik, Maxim"]
[Black "Kho, Darrell"]
[WhiteFideId "4102924"]
[BlackFideId "1019317"]
[WhiteElo "2287"]
[BlackElo "2158"]
[Result "0-1"]
[Round "01"]
[TimeControl "180+2"]
[Date "2023.03.07"]
[WhiteClock "0:00:40"]
[BlackClock "0:00:11"]

1. e4 e6 2. d3 d5 3. Nd2 Nc6 4. Ngf3 e5 5. c3 a5 6. Be2 Nf6 7. O-O Bc5 8. Nxe5 Nxe5 9. d4 Bxd4 10. cxd4 Nc6 11. e5 Nd7 12. Nf3 O-O 13. Be3 Nb6 14. Rc1 Bf5 15. Ne1 Qd7 16. g4 Be6 17. f4 f5 18. gxf5 Bxf5 19. Nf3 Nd8 20. Kh1 Be4 21. Rg1 Ne6 22. Qd2 Nc4 23. Qc3 Nxe3 24. Qxe3 Nxf4 25. Rg3 Nxe2 26. Qxe2 Qf5 27. Rf1 Rf7 28. Qe3 Raf8 29. Kg1 Bxf3 30. Rgxf3 Qg4+ 31. Rg3 Rxf1+ 32. Kg2 Qe4+ 33. Qxe4 dxe4 34. Rc3 R1f2+ 35. Kg3 R2f3+ 36. Rxf3 Rxf3+ 37. Kg2 Kf7 38. d5 Ke7 39. a4 Rf5 40. d6+ cxd6 41. exd6+ Kxd6 42. Kg3 Ke5 43. Kg4 e3 44. Kg3 e2 45. Kg4 e1=Q 46. h3 Qe4+ 47. Kg3 Rf3+ 48. Kg2 Qe2+ 49. Kg1 Rf1# 0-1


[Site "https://www.chess.com"]

[Event "Titled Tuesday Blitz March 07 Early 2023"]
[White "Johnson, Ben"]
[Black "Derjabin, Ilja"]
[WhiteFideId "2010917"]
[BlackFideId "14104768"]
[WhiteElo "2158"]
[BlackElo "2309"]
[Result "0-1"]
[Round "01"]
[TimeControl "180+2"]
[Date "2023.03.07"]
[WhiteClock "0:00:16"]
[BlackClock "0:02:16"]

1. Nf3 c5 2. c4 Nf6 3. Nc3 g6 4. g3 Bg7 5. Bg2 O-O 6. O-O Nc6 7. d4 cxd4 8. Nxd4 Nxd4 9. Qxd4 d6 10. Bg5 h6 11. Bd2 Be6 12. Rac1 Rc8 13. b3 d5 14. Qxa7 dxc4 15. Rfd1 cxb3 16. Bxh6 Bxh6 17. Rxd8 Rfxd8 18. Rb1 Rxc3 19. axb3 Rxb3 20. Rxb3 Rd1+ 21. Bf1 Bh3 0-1


[Site "https://www.chess.com"]

[Event "Titled Tuesday Blitz March 07 Early 2023"]
[White "Kochetov, Andrey"]
[Black "lisjakzlatko1"]
[WhiteFideId "24130532"]
[WhiteElo "2532"]
[BlackElo "2155"]
[Result "0-1"]
[Round "01"]
[TimeControl "180+2"]
[Date "2023.03.07"]
[WhiteClock "0:00:01"]
[BlackClock "0:00:42"]

1. e4 d6 2. d4 Nf6 3. Bd3 c6 4. f4 Qb6 5. Nf3 Nbd7 6. c3 e5 7. Qe2 Be7 8. O-O O-O 9. Kh1 Re8 10. Be3 exf4 11. Bxf4 Bf8 12. Qc2 h6 13. Nbd2 Nh5 14. Be3 Qc7 15. Rae1 g6 16. a4 Bg7 17. Bc4 Nhf6 18. Bf4 Nh5 19. Be3 Ndf6 20. e5 Nd5 21. Bg1 Bf5 22. Bd3 Bxd3 23. Qxd3 Nhf4 24. Qc2 dxe5 25. dxe5 Rad8 26. Nc4 Bf8 27. Nd4 Ne6 28. Rf6 Nxf6 29. Nxe6 Rxe6 30. Bd4 Nd5 31. Rf1 Rde8 32. h4 Qd8 0-1


[Site "https://www.chess.com"]

[Event "Titled Tuesday Blitz March 07 Early 2023"]
[White "Tarnowska, Aleksandra"]
[Black "Olenik Campa, Rudi"]
[WhiteFideId "1180967"]
[BlackFideId "14633264"]
[WhiteElo "1776"]
[BlackElo "2249"]
[Result "0-1"]
[Round "01"]
[TimeControl "180+2"]
[Date "2023.03.07"]
[WhiteClock "0:00:02"]
[BlackClock "0:00:47"]

1. e4 e6 2. d4 d5 3. Nd2 Nf6 4. e5 Nfd7 5. Bd3 c5 6. c3 Nc6 7. Ne2 cxd4 8. cxd4 f6 9. exf6 Nxf6 10. O-O Bd6 11. Nf3 O-O 12. Bg5 Bd7 13. Bh4 Be8 14. Bg3 Bh5 15. Bxd6 Qxd6 16. Ng5 h6 17. Nh3 Nxd4 18. f3 Nf5 19. Bxf5 exf5 20. Nhf4 Bf7 21. Nd4 Qd7 22. Qd3 g6 23. Rad1 Rfe8 24. a3 Rad8 25. b4 Kg7 26. Nb3 g5 27. Nc5 Qc6 28. Ne2 b6 29. Nb3 Bg6 30. Nbd4 Qd7 31. Ng3 f4 32. Qb3 fxg3 33. hxg3 Nh5 34. g4 Nf4 35. Rfe1 Qf7 36. Qc3 Kh7 37. Nc6 Rc8 38. b5 Ne2+ 39. Rxe2 Rxe2 40. Rxd5 Qxd5 41. Qf6 Rg8 42. Ne7 Qd1+ 43. Kh2 Qc2 44. Nxg8 Rxg2+ 45. Kh1 Rh2+ 46. Kg1 Qf2# 0-1


[Site "https://www.chess.com"]

[Event "Titled Tuesday Blitz March 07 Early 2023"]
[White "Zarnicki, Pablo"]
[Black "Chemin, Justo Reinaldo"]
[WhiteFideId "100137"]
[BlackFideId "2101580"]
[WhiteElo "2468"]
[BlackElo "1940"]
[Result "1-0"]
[Round "01"]
[TimeControl "180+2"]
[Date "2023.03.07"]
[WhiteClock "0:02:18"]
[BlackClock "0:00:33"]

1. e4 e6 2. d3 c5 3. Nf3 d6 4. g3 a6 5. Bg2 b5 6. O-O Bb7 7. a4 Qc7 8. axb5 axb5 9. Rxa8 Bxa8 10. Nc3 b4 11. Nb5 Qb6 12. c4 Bc6 13. d4 Bxb5 14. cxb5 Qxb5 15. dxc5 dxc5 16. Bf4 Nd7 17. Qa1 Qb7 18. Rd1 Ngf6 19. Qa4 Be7 20. Ne5 c4 21. Nxd7 Nxd7 22. e5 Qc7 23. Rxd7 1-0


[Site "https://www.chess.com"]

[Event "Titled Tuesday Blitz March 07 Early 2023"]
[White "Fabris, Alberto"]
[Black "Manukyan, Sargis V."]
[WhiteFideId "801348"]
[BlackFideId "13303465"]
[WhiteElo "2134"]
[BlackElo "2236"]
[Result "0-1"]
[Round "01"]
[TimeControl "180+2"]
[Date "2023.03.07"]
[WhiteClock "0:00:45"]
[BlackClock "0:01:46"]

1. d4 Nf6 2. Nf3 g6 3. c4 Bg7 4. Nc3 d5 5. e3 O-O 6. Be2 c5 7. O-O dxc4 8. Bxc4 cxd4 9. Nxd4 Nc6 10. Nxc6 bxc6 11. e4 Qc7 12. Qe2 Ng4 13. g3 Ne5 14. Bf4 Qb6 15. Be3 Qa5 16. Rfd1 Bg4 17. Qf1 Nf3+ 18. Kg2 Qh5 19. h4 Rab8 20. Bb3 Ne5 21. Rd2 Bf3+ 22. Kg1 Bf6 23. Qh3 Bg4 24. Qg2 Nf3+ 25. Kf1 g5 26. Ne2 Nxd2+ 27. Bxd2 Bxe2+ 0-1


[Site "https://www.chess.com"]

[Event "Titled Tuesday Blitz March 07 Early 2023"]
[White "Bilan, Danila"]
[Black "Lorenzo De La Riva, Lazaro"]
[WhiteFideId "24161918"]
[BlackFideId "2268809"]
[WhiteElo "2182"]
[BlackElo "2294"]
[Result "1-0"]
[Round "01"]
[TimeControl "180+2"]
[Date "2023.03.07"]
[WhiteClock "0:00:05"]
[BlackClock "0:00:03"]

1. d4 Nf6 2. Nf3 d5 3. c4 e6 4. Nc3 Be7 5. Bf4 O-O 6. e3 b6 7. cxd5 exd5 8. Bd3 Bb7 9. Qc2 c5 10. O-O Nc6 11. a3 Rc8 12. Rac1 h6 13. Rfd1 Bd6 14. Bf5 Rb8 15. Bxd6 Qxd6 16. dxc5 bxc5 17. Nb5 Qd8 18. Qxc5 g6 19. Bh3 Ne4 20. Qc2 Qb6 21. Nbd4 Nxd4 22. Nxd4 f5 23. Qc7 Qxb2 24. Ne6 Qxf2+ 25. Kh1 Rf7 26. Qxb8+ Kh7 27. Rc7 Ng5 28. Rxf7+ Nxf7 29. Qf8 h5 30. Qg7# 1-0


[Site "https://www.chess.com"]

[Event "Titled Tuesday Blitz March 07 Early 2023"]
[White "Michalski, Olaf"]
[Black "Sokac, Marko"]
[WhiteFideId "1106740"]
[BlackFideId "14531356"]
[WhiteElo "2173"]
[BlackElo "2355"]
[Result "1-0"]
[Round "01"]
[TimeControl "180+2"]
[Date "2023.03.07"]
[WhiteClock "0:00:04"]
[BlackClock "0:00:03"]

1. d4 Nf6 2. c4 e5 3. dxe5 Ng4 4. Bf4 g5 5. Bg3 Bg7 6. Nf3 Nc6 7. Nc3 Ngxe5 8. e3 d6 9. h4 g4 10. Nxe5 Nxe5 11. Be2 h5 12. Qc2 c6 13. O-O-O O-O 14. Qd2 Be6 15. Qxd6 Qxd6 16. Rxd6 Nxc4 17. Rxe6 Nxb2 18. Kxb2 fxe6 19. Bc4 Rae8 20. Kc2 b5 21. Bb3 a5 22. a4 b4 23. Ne4 Rf5 24. Rd1 Re7 25. Bc4 Be5 26. Nd6 Bxd6 27. Rxd6 Kf7 28. Rxc6 Rf6 29. Rd6 Rf5 30. Kb3 Rc5 31. Ra6 Rec7 32. Bxe6+ Ke7 33. Bxc7 Rxc7 34. Bc4 Rc5 35. Rh6 Rf5 36. f4 gxf3 37. gxf3 Rxf3 38. Rxh5 Rxe3+ 39. Kb2 Rc3 40. Bb3 Rh3 41. Rxa5 Rxh4 42. Rd5 Rh2+ 43. Kb1 Rh1+ 44. Kc2 Rh2+ 45. Kd3 Rh3+ 46. Kc4 Rh4+ 47. Rd4 Rh6 48. Kxb4 Rb6+ 49. Ka3 Rb8 50. a5 Rb5 51. Ka4 Rb8 52. Bc4 Kf6 53. Bb5 Ke5 54. Rd1 Rc8 55. a6 Rc2 56. Ka5 Ra2+ 57. Ba4 1-0


[Site "https://www.chess.com"]

[Event "Titled Tuesday Blitz March 07 Early 2023"]
[White "Lehtosaari, Mauri"]
[Black "Gurevich, Ilya"]
[WhiteFideId "501999"]
[BlackFideId "2000628"]
[WhiteElo "2527"]
[BlackElo "2125"]
[Result "0-1"]
[Round "01"]
[TimeControl "180+2"]
[Date "2023.03.07"]
[WhiteClock "0:00:03"]
[BlackClock "0:00:15"]

1. d4 Nf6 2. Nf3 g6 3. Bg5 Bg7 4. Nbd2 d5 5. e3 O-O 6. Be2 c5 7. c3 b6 8. O-O Bb7 9. a4 a5 10. Qb3 Nbd7 11. h3 Ne4 12. Nxe4 dxe4 13. Nd2 h6 14. Bh4 g5 15. Bg3 e5 16. dxe5 Nxe5 17. Rfd1 Nd3 18. Nf1 Ba6 19. Qc2 c4 20. Nh2 f5 21. b3 f4 22. bxc4 fxg3 23. fxg3 Bxc4 24. Ng4 h5 25. Nh2 Qe8 26. Rd2 Qf7 27. Rf1 Qg6 28. Rfd1 Qf7 29. Rf1 Qg6 30. Rfd1 Rf6 31. Qb1 Raf8 32. g4 h4 33. Bxd3 Bxd3 34. Qa2+ Qf7 35. Qa1 Rf2 0-1


[Site "https://www.chess.com"]

[Event "Titled Tuesday Blitz March 07 Early 2023"]
[White "Samarth, J Rao"]
[Black "Osmak, Yuliia"]
[WhiteFideId "46652370"]
[BlackFideId "14101602"]
[WhiteElo "1564"]
[BlackElo "2271"]
[Result "1-0"]
[Round "01"]
[TimeControl "180+2"]
[Date "2023.03.07"]
[WhiteClock "0:00:10"]
[BlackClock "0:00:10"]

1. c4 f5 2. d4 Nf6 3. g3 d6 4. Nf3 g6 5. Bg2 Bg7 6. O-O O-O 7. Nc3 Nc6 8. d5 Ne5 9. Nxe5 dxe5 10. f4 e4 11. Be3 e6 12. dxe6 Bxe6 13. Qb3 b6 14. Rfd1 Qe8 15. Nb5 Qf7 16. Rac1 Ng4 17. Bd4 Rfd8 18. Bxg7 Qxg7 19. e3 c5 20. h3 Nf6 21. Qc3 Nh5 22. Qxg7+ Nxg7 23. Nc7 Rac8 24. Nxe6 Nxe6 25. Kf2 Kf7 26. Ke2 Kf6 27. a3 h6 28. Rd2 Rxd2+ 29. Kxd2 Rd8+ 30. Kc2 Rd3 31. Re1 g5 32. Bf1 Rd6 33. Be2 Rd8 34. Rf1 gxf4 35. gxf4 Rg8 36. Kd2 Rg3 37. h4 Rg2 38. b4 Ke7 39. Ke1 Kd6 40. Rf2 Rg3 41. Kd2 Nd4 42. Bd1 a5 43. bxa5 bxa5 44. Rh2 Nf3+ 45. Bxf3 exf3 46. Ke1 Rg2 47. Rxg2 fxg2 48. Kf2 Ke6 49. Kxg2 Kf6 50. h5 Ke6 51. Kf3 Kf6 52. e4 Ke6 53. Ke3 Kf6 54. exf5 Kxf5 55. Kf3 Kf6 56. Ke4 Ke6 57. f5+ Kf6 58. Kf4 Kf7 59. Ke5 Ke7 60. f6+ Kf7 61. Kf5 Kf8 62. Kg6 Kg8 63. f7+ Kf8 64. Kf6 a4 65. Kg6 Ke7 66. Kg7 1-0


[Site "https://www.chess.com"]

[Event "Titled Tuesday Blitz March 07 Early 2023"]
[White "Garakov, Mikhael"]
[Black "Ardila, Oscar Humberto"]
[WhiteFideId "4169034"]
[BlackFideId "4404742"]
[WhiteElo "2347"]
[BlackElo "1911"]
[Result "1-0"]
[Round "01"]
[TimeControl "180+2"]
[Date "2023.03.07"]
[WhiteClock "0:00:08"]
[BlackClock "0:00:04"]

1. e4 e5 2. Nf3 Nf6 3. Nxe5 d6 4. Nf3 Nxe4 5. d4 Be7 6. Bd3 Nf6 7. O-O Bg4 8. h3 Bh5 9. Nbd2 O-O 10. Re1 Nbd7 11. Nf1 Re8 12. Ng3 Bg6 13. Nf5 Bf8 14. Bg5 Rxe1+ 15. Qxe1 Qe8 16. Qb4 Qc8 17. Re1 Nd5 18. Qb3 N7b6 19. g4 h6 20. Bd2 Qd7 21. c4 Nf6 22. N3h4 Bh7 23. g5 hxg5 24. Bxg5 Re8 25. Rxe8 Nxe8 26. Kg2 d5 27. c5 Nc4 28. Qc2 Bxf5 29. Bxf5 Qb5 30. b3 Na5 31. Nf3 Nc6 32. Bd7 Nf6 33. Bxf6 gxf6 34. Qf5 Bg7 35. Qxd5 Ne7 36. Qxf7+ Kxf7 37. Bxb5 c6 38. Bc4+ Kg6 39. Nd2 Kf5 40. Kf3 Bh6 41. Ne4 Bf4 42. Nd6+ Kg5 43. h4+ Kxh4 44. Kxf4 b6 45. Nf5+ Nxf5 46. Kxf5 b5 47. Bxb5 cxb5 48. c6 a5 49. c7 1-0


[Site "https://www.chess.com"]

[Event "Titled Tuesday Blitz March 07 Early 2023"]
[White "Aung Thant Zin"]
[Black "Decuigniere, Tom"]
[WhiteFideId "13000063"]
[BlackFideId "26093820"]
[WhiteElo "2278"]
[BlackElo "2312"]
[Result "0-1"]
[Round "01"]
[TimeControl "180+2"]
[Date "2023.03.07"]
[WhiteClock "0:00:20"]
[BlackClock "0:00:05"]

1. e4 c5 2. Nf3 g6 3. c3 Nf6 4. Qc2 Bg7 5. d4 cxd4 6. cxd4 O-O 7. Bd3 Nc6 8. a3 d5 9. e5 Ne4 10. Bxe4 dxe4 11. Qxe4 Bf5 12. Qe3 Qd7 13. O-O Rfd8 14. Rd1 Bg4 15. Nc3 Bxf3 16. Qxf3 Nxd4 17. Qe4 Rac8 18. Be3 Ne2+ 19. Kf1 Nxc3 20. bxc3 Qb5+ 21. c4 Qxe5 22. Qxe5 Bxe5 23. Rxd8+ Rxd8 24. Rc1 a6 25. a4 Bd4 26. Bf4 e5 27. Bg5 Rd7 28. Bf6 Rd6 29. Be7 Re6 30. Bh4 Rb6 31. a5 Rb3 32. c5 Rc3 33. Rb1 Rxc5 34. Rxb7 Kg7 35. Bd8 Rc2 36. Bh4 Ra2 37. Bd8 Rxf2+ 38. Ke1 Rxg2 39. h4 Rb2 40. Rd7 h6 41. Rd6 Rb8 42. Bf6+ Kh7 43. Rxa6 g5 44. hxg5 hxg5 45. Bxg5 Rb2 46. Rf6 Kg7 47. a6 Ra2 48. Bh4 Ra1+ 49. Kd2 Ra4 50. Rc6 Ra2+ 51. Kd3 Ra4 52. Bf6+ Kh7 53. Rd6 Ba1 54. Rc6 e4+ 55. Ke3 Bxf6 56. Rxf6 Kg7 57. Rf4 Rxa6 58. Rxe4 Ra3+ 59. Kf4 Kg6 60. Rc4 f6 61. Rb4 Rh3 62. Rc4 Rh4+ 63. Kf3 Rxc4 0-1


[Site "https://www.chess.com"]